 Dungeon Crawl Stone Soup version 0.19-a0-1932-g59670f6 (webtiles) character file.

1150 varam the Grappler (level 8, -4/74 HPs)
             Began as a Troll Monk on Oct 25, 2016.
             Was a Believer of Okawaru.
             Slain by an orc warrior
             ... wielding a +0 war axe
              (10 damage)
             ... in a bailey.
             The game lasted 00:05:58 (3075 turns).

varam the Grappler (Troll Monk)                     Turns: 3075, Time: 00:05:59

Health: -4/74      AC:  6    Str: 20    XL:     8   Next: 15%
Magic:  4/7        EV: 14    Int:  6    God:    Okawaru [**....]
Gold:   181        SH:  0    Dex: 14    Spells: 0 memorised, 7 levels left

rFire  . . .     SeeInvis .       - Unarmed
rCold  . . .     Gourm    +     a - +0 robe
rNeg   . . .     Faith    .     (no shield)
rPois  .         Spirit   .     (helmet restricted)
rElec  .         Reflect  .     t - +0 cloak
rCorr  .         Harm     .     (gloves unavailable)
MR     .....                    (boots unavailable)
Stlth  +++.......               (no amulet)
                                (no ring)
                                (no ring)

@: heroism
A: unfitting armour, claws 3, fast metabolism 3, gourmand, regeneration 1,
shaggy fur 1, tough skin 2
a: Heroism, Renounce Religion


You were in a bailey.
You worshipped Okawaru.
Okawaru was pleased with you.
You were not hungry.

You visited 2 branches of the dungeon, and saw 8 of its levels.
You also visited: Bailey.

You collected 181 gold pieces.

Inventory:

Missiles
 y - 4 javelins (quivered)
 z - 4 tomahawks of returning
Armour
 a - a +0 robe (worn)
 t - a +0 cloak (worn)
Jewellery
 n - a cursed ring of loudness {unknown}
Scrolls
 f - 2 scrolls of remove curse {unknown}
 g - 5 scrolls of identify {unknown}
 i - a scroll of teleportation {unknown}
 k - 2 scrolls of immolation {unknown}
 m - a scroll of noise {unknown}
 u - a scroll of amnesia {unknown}
 w - a scroll of silence {unknown}
Potions
 c - 2 potions of curing {unknown}
 e - a potion of brilliance {unknown}
 h - a potion of magic {unknown}
 j - 2 potions of heal wounds {unknown}
 l - a potion of cure mutation {unknown}
 o - a potion of cancellation {unknown}
 q - a potion of degeneration {unknown}
 r - a potion of haste {unknown}
 v - 2 potions of might {unknown}
 x - a potion of ambrosia {unknown}
Comestibles
 b - 6 bread rations
 d - a meat ration
 p - 4 fruits
 s - a beef jerky


   Skills:
 - Level 2.4(7.4) Fighting
 - Level 2.4(7.4) Dodging
 - Level 1.0(6.0) Stealth
 + Level 10.1(15.1) Unarmed Combat


You had 7 spell levels left.
You didn't know any spells.

Dungeon Overview and Level Annotations

Branches:
Dungeon (7/15)             Temple (1/1) D:5

Altars:
Ashenzari
Dithmenos
Elyvilon
Fedhas
Kikubaaqudgha
Makhleb
Okawaru
Ru
Trog
Vehumet
Xom

Shops:
D:4 }


Innate Abilities, Weirdness & Mutations

You are too large for most types of armour.
You have claws for hands.
Your metabolism is lightning-fast.
You like to eat raw meat.
Your natural rate of healing is unusually fast.
You are covered in fur. (AC +1)
You have very tough skin. (AC +2)


Message History

You mangle the kobold!!
You kill the kobold!
Okawaru accepts your kill.
The kobold throws a tomahawk of returning.
The tomahawk of returning barely misses you.
The weapon returns to the kobold!
An orc warrior comes into view. It is wielding a hand axe.
You feel like a meek peon again.
Items here: )) [[ † a hand axe; a leather armour; a broad axe; a plate armour; a gnoll corpse The kobold throws a tomahawk of returning.
The tomahawk of returning barely misses you.
You hear a blaring wail to the north.
You hear a shout! x10
You scratch the orc warrior.
The orc warrior is lightly wounded.
The orc warrior hits you with a war axe!
* * * LOW HITPOINT WARNING * * *
You gain the combat prowess of a mighty hero.
The orc warrior hits you with a war axe!
You die...

K≈.≈K
##≈.≈##
K≈.≈K
##≈o≈##
.≈.≈.
##g##
▓)∩.▓
▓o)(▓
▓@∩.▓
▓▓▓▓▓
▓)▓ ▓▓▓


You could see 2 orc warriors, a goblin and a kobold.

Vanquished Creatures
  Eustachio (D:5)
  2 orc warriors (Bailey)
  An ice beast (D:5)
  A phantom (D:4)
  A crimson imp (D:6)
  A jelly (D:6)
  A bullfrog zombie (D:5)
  A hound (D:5)
  A centaur skeleton (D:5)
  3 orc priests (D:4)
  3 orc wizards (D:4)
  2 worker ants (D:5)
  2 worker ant zombies (D:5)
  8 gnolls
  12 adders
  2 shadow imps (D:5)
  An adder skeleton (D:4)
  A worm (D:4)
  A dart slug (D:1)
  A leopard gecko (D:5)
  5 orcs (D:4)
  4 giant cockroaches
  5 goblins
  A hobgoblin (D:2)
  A quokka (D:2)
  9 bats
  8 frilled lizards
  2 kobolds (Bailey)
  4 rats
85 creatures vanquished.

Vanquished Creatures (others)
  A worm (D:4)
1 creature vanquished.

Grand Total: 86 creatures vanquished

Notes
Turn   | Place    | Note
-------+----------+-------------------------------------------
     0 | D:1      | varam the Troll Monk began the quest for the Orb.
     0 | D:1      | Reached XP level 1. HP: 22/22 MP: 0/0
   109 | D:2      | Reached XP level 2. HP: 29/29 MP: 1/1
   384 | D:2      | Reached skill level 4 in Unarmed Combat
   389 | D:2      | Reached XP level 3. HP: 15/36 MP: 2/2
   890 | D:3      | Found a shadowy altar of Dithmenos.
   898 | D:2      | Reached XP level 4. HP: 37/44 MP: 3/3
   935 | D:4      | Reached skill level 5 in Unarmed Combat
   988 | D:4      | Found a radiant altar of Vehumet.
   996 | D:4      | Noticed a phantom
  1028 | D:4      | Killed a phantom
  1028 | D:4      | Reached XP level 5. HP: 21/50 MP: 4/4
  1093 | D:5      | Entered Level 5 of the Dungeon
  1097 | D:5      | Reached skill level 6 in Unarmed Combat
  1138 | D:4      | Found Cenirch's Gadget Shoppe.
  1412 | D:2      | Reached XP level 6. HP: 30/59 MP: 5/5
  1685 | D:3      | Reached skill level 7 in Unarmed Combat
  1728 | D:3      | You fall through a shaft!
  2082 | D:5      | Reached skill level 8 in Unarmed Combat
  2187 | D:5      | Reached XP level 7. HP: 66/66 MP: 6/6
  2272 | D:5      | Found a shattered altar of Ashenzari.
  2388 | D:5      | Found a staircase to the Ecumenical Temple.
  2411 | Temple   | Entered the Ecumenical Temple
  2551 | Temple   | Became a worshipper of Warmaster Okawaru
  2551 | Temple   | Reached * piety under Okawaru
  2551 | Temple   | Reached ** piety under Okawaru
  2614 | D:5      | Noticed Eustachio
  2622 | D:5      | Killed Eustachio
  2728 | D:5      | Reached skill level 9 in Unarmed Combat
  2970 | D:6      | Noticed a vampire
  2989 | D:7      | Found a flagged portal.
  3002 | Bailey   | Entered a bailey
  3050 | Bailey   | Reached XP level 8. HP: 23/74 MP: 7/7
  3065 | Bailey   | Reached skill level 10 in Unarmed Combat
  3075 | Bailey   | Slain by an orc warrior

Vault maps used:
D:1:      scummos_arrival_gate, minmay_tree_intersection, kennysheep_doodads
D:3:      grunt_dithmenos_smoke_and_mirrors
D:4:      fiery_altar_vehumet, serial_shops, kennysheep_little_box
D:5:      kennysheep_mini, first_bread, serial_park_tiny_2, uniq_eustachio
D:6:      lemuel_coloured_pillars_altar
D:7:      enter_bailey_2
Temple:   minmay_temple_curvy_loop
Bailey:   bailey_axe_1, bailey

Skill      XL: |  1  2  3  4  5  6  7  8 |
---------------+-------------------------+-----
Unarmed Combat | 4 5 6 8 9 10 | 10.1
Fighting       | |  2.4
Dodging        | |  2.4
Stealth        | |  1.0

Action                   |  1- 3 |  4- 6 |  7- 9 || total
-------------------------+-------+-------+-------++-------
Melee: Unarmed           |    81 |   139 |    68 ||   288
       Punch             |       |     1 |     3 ||     4
Invok: Heroism           |       |       |     3 ||     3
 Stab: Sleeping          |     3 |     1 |     3 ||     7
  Eat: Chunk             |    14 |    12 |     2 ||    28
Armor: Robe              |    26 |    42 |    10 ||    78
Dodge: Dodged            |    40 |    56 |    26 ||   122
